 Dungeon Crawl Stone Soup version 0.14-a0-942-gbd853f2 (webtiles) character file.

47 Bloax the Chopper (level 2, -3/19 HPs)
             Began as a Tengu Berserker on Nov 19, 2013.
             Was a Believer of Trog.
             Slain by Crazy Yiuf
             ... wielding a +4,+2 quarterstaff of chaos
              (22 damage)
             ... on Level 2 of the Dungeon.
             The game lasted 00:01:31 (280 turns).

Bloax the Chopper (Tengu Berserker)                  Turns: 280, Time: 00:01:31

HP  -3/19        AC  8     Str 17      XL: 2   Next: 29%
MP   2/2         EV  6     Int  7      God: Trog [**....]
Gold 36          SH  0     Dex 13      Spells:  0 memorised,  1 level left

Res.Fire  : . . .   See Invis. : .   a - +0 hand axe
Res.Cold  : . . .   Warding    : .   e - +0 elf chain mail (curse)
Life Prot.: . . .   Conserve   : .   (no shield)
Res.Poison: .       Res.Corr.  : .   (helmet restricted)
Res.Elec. : .       Clarity    : .   (no cloak)
Sust.Abil.: . .     Spirit.Shd : .   (no gloves)
Res.Mut.  : .       Stasis     : .   (boots unavailable)
Res.Rott. : .       Flight     : .   (no amulet)
Saprovore : . . .                    (no ring)
                                     (no ring)

@: not resistant to hostile enchantments, extremely unstealthy
A: beak, talons 3
a: Burn Spellbooks, Berserk, Trog's Hand, Renounce Religion


You were on level 2 of the Dungeon.
You worshipped Trog.
Trog was pleased with you.
You were not hungry.

You visited 1 branch of the dungeon, and saw 2 of its levels.

You collected 36 gold pieces.


Innate Abilities, Weirdness & Mutations

You have a beak for a mouth.
You have claws for feet.


   Skills:
 + Level 3.2 Fighting
 * Level 3.5 Axes
 + Level 2.5 Armour
 - Level 2.1 Dodging


You had one spell level left.
You didn't know any spells.

Dungeon Overview and Level Annotations

Branches:
Dungeon (2/16)

Altars:

Annotations:
D:2 Crazy Yiuf

Inventory:

Hand weapons
 a - a +0,+0 hand axe (weapon)
Armour
 e - a cursed +0 elven chain mail (worn)
   (You found it on level 1 of the Dungeon)
Comestibles
 c - 3 bread rations
Scrolls
 g - a scroll of identify {unknown}
Jewellery
 f - an uncursed amulet of resist corrosion {unknown}
   (You found it on level 2 of the Dungeon)
Potions
 b - a potion of poison {unknown}
 d - a potion of curing {unknown}

# #.# # #.# # #.# # #.#
######## 777####.# .......#
### #7 7777##...# ########
#)..#777777.+..#># #
#.....7777.......# ########
#7g@7......#.# .......#
#777.7.7+.##.# .......#
77777777####.## .......#
777777# #..###### .......#
################........
.......#
#.#......#....##..######
.......# #.#...........##..#
.......# #.#......#....##..#
.......###.#......#....##..#


You could see Crazy Yiuf.


Message History

A giant cockroach comes into view.
Found an elven spear.
You see here a small soapstone amulet.
f - a small soapstone amulet You hit the giant cockroach.
You claw the giant cockroach.
You kill the giant cockroach!
Trog accepts your kill.
Found a stone staircase leading down.
You see here a giant cockroach corpse.
You see here a giant cockroach corpse.
The giant cockroach corpse is slowly consumed by flames.
Put on which piece of jewellery? (? for menu, Esc to quit)
f - a small soapstone amulet (around neck) {tried} You remove your small soapstone amulet {tried}.
Read which item? (? for menu, Esc to quit)
As you read the scroll labeled JOGHEP LOWOI, it crumbles to dust.
Your +0,+0 hand axe glows mottled scarlet for a moment.
It was a scroll of random uselessness.
Read which item? (? for menu, Esc to quit)
As you read the scroll labeled UDIWUU XOALOFF, it crumbles to dust.
Your +0 elven chain mail glows black for a moment.
It was a scroll of curse armour.
Read which item? (? for menu, Esc to quit)
As you read the scroll of random uselessness, it crumbles to dust.
The dust glows dull marigold!
Read which item? (? for menu, Esc to quit)
As you read the scroll of random uselessness, it crumbles to dust.
You experience a momentary feeling of inescapable doom!
No previous command to re-do.
A rat comes into view.
There is a stone staircase leading down here.
You hit the rat.
You kill the rat!
Trog accepts your kill.
Found a glowing inky potion.
Found a sedimented red potion.
b - a glowing inky potion
d - a sedimented red potion A hobgoblin comes into view.
It is wielding a club.
The hobgoblin shouts!
You hit the hobgoblin.
You kill the hobgoblin!
Trog accepts your kill.
Things that are here:
a club; a hobgoblin corpse
Things that are here:
a club; a hobgoblin corpse The hobgoblin corpse is consumed in a column of flame.
A ball python comes into view.
The ball python barely misses you. The ball python grabs you.
The ball python constricts you.
You closely miss the ball python.
The ball python bites you but does no damage.
The ball python constricts you.
You hit the ball python.
You kill the ball python!
Trog accepts your kill.
You can now regenerate and be protected from hostile enchantments.
Found a scroll labeled VAPOMU BAM UHA.
Found a stone staircase leading down.
g - a scroll labeled VAPOMU BAM UHA
There are no items here.
Crazy Yiuf comes into view.
He is wielding a quarterstaff of chaos.
Crazy Yiuf shouts!
Crazy Yiuf moves out of view.
Found a hammer.
Crazy Yiuf hits you but does no damage.
You are electrocuted!
Ouch! That really hurt!
You die...

Action                   || total
-------------------------++-------
Melee: Hand axe          ||    17
  Use: Scroll            ||     4

Vault maps used:
D:1:      denvon_entry_waterhouse
D:2:      minmay_goblin_outpost, uniq_crazy_yiuf_cottage

Notes
Turn   | Place    | Note
--------------------------------------------------------------
     0 | D:1      | Bloax, the Tengu Berserker, began the quest for the Orb.
     0 | D:1      | Reached XP level 1. HP: 14/14 MP: 0/0
    30 | D:1      | Bloax: hey look
    87 | D:1      | 4tharraofdagon: you look like armored goblin
   138 | D:1      | Reached XP level 2. HP: 19/19 MP: 2/2
   253 | D:2      | Acquired Trog's second power
   276 | D:2      | Noticed Crazy Yiuf
   280 | D:2      | Slain by Crazy Yiuf

Vanquished Creatures
  2 giant cockroaches
  A hobgoblin (D:2)
  A ball python (D:2)
  3 goblins (D:1)
  A kobold (D:1)
  4 rats
12 creatures vanquished.
